AoeStats
← BARAKA wins!

Black Forest

510855897Analyzed
4v4 RM · 19h ago on Oct 2, 2026· 74m 25s· 8 players
Game mode
Random Map
Map size
Large (8 player)
Population
200
Speed
Normal
Resources
Standard
Victory
Conquest
Starting age
Dark Age
Ending age
Imperial Age
RankedLock teamsTeams togetherTeam positionsShared explorationLock speedFull tech treeHidden civsTurbo modeCheats
Victory
Defeat
🇵🇱 Japanese · Poland
1323
+15
🇵🇹 Khmer · Portugal
1303
+16
🇩🇪 Saracens · Germany
1297
+16
🇮🇱 Bohemians · Israel
1247
+19
🇺🇸 Lithuanians · United States
1331
-17
🇦🇹 Saracens · Austria
1323
-17
🇫🇷 Dravidians · France
1307
-17
🇩🇪 Wu · Germany
1265
-15
CroCkeR
0:29 Loom
10:52 Feudal Age
16:44 Horse Collar
23:10 Double-Bit Axe
27:35 Castle Age
25:46 Stone Mining
25:53 Gold Mining
28:01 Fletching
27:58 Crossbowman
28:50 Bodkin Arrow
29:20 Fortified Wall
29:20 Masonry
30:02 Forging
29:58 Scale Barding Armor
31:01 Wheelbarrow
32:07 Bloodlines
35:45 Chain Barding Armor
36:01 Iron Casting
38:14 Husbandry
43:38 Imperial Age
43:01 Caravan
44:42 Hand Cart
45:30 Blast Furnace
46:03 Plate Barding Armor
46:37 Conscription
46:36 Elite Mameluke
48:29 Bow Saw
48:32 Onager
51:43 Siege Onager
56:14 Siege Onager
59:46 Bow Saw
59:02 Light Cavalry
60:30 Siege Engineers
61:26 Chemistry
60:41 Hussar
71:08 Town Watch
GoodFunHaveLuck
11:01 Feudal Age
14:55 Castle Age
13:57 Loom
25:43 Fletching
34:45 Double-Bit Axe
36:14 Fortified Wall
41:04 Horse Collar
49:06 Imperial Age
46:52 Pikeman
47:33 Squires
47:21 Arson
49:14 Wheelbarrow
48:45 Heavy Plow
49:27 Halberdier
50:58 Forging
50:49 Scale Mail Armor
51:44 Gambesons
51:20 Man-at-Arms
52:49 Iron Casting
52:09 Bodkin Arrow
52:40 Guard Tower
53:11 Ballistics
53:51 Chemistry
52:37 Arrowslits
54:59 Keep
54:12 Arrowslits
53:59 Long Swordsman
55:59 Yasama
57:12 Bracer
59:11 Chemistry
57:42 Two-Handed Swordsman
59:08 Conscription
58:39 Champion
74:03 Hand Cart
73:34 Town Watch
Mike
8:10 Loom
10:32 Feudal Age
15:08 Castle Age
13:25 Double-Bit Axe
15:20 Horse Collar
16:31 Bow Saw
19:14 Wheelbarrow
26:12 Wheelbarrow
25:58 Heavy Plow
27:50 Fletching
28:00 Padded Archer Armor
30:56 Imperial Age
28:50 Hand Cart
29:40 Town Watch
30:57 Chemistry
29:57 Bodkin Arrow
30:18 Leather Archer Armor
31:18 Scale Mail Armor
31:29 Forging
31:01 Pikeman
31:41 Squires
31:28 Arson
31:09 Houfnice
32:21 Chain Mail Armor
34:23 Halberdier
35:37 Plate Mail Armor
36:04 Siege Engineers
48:54 Ballistics
50:21 Coinage
49:52 Caravan
52:31 Banking
60:00 Iron Casting
71:06 Guilds
73:53 Town Patrol
BARAKA wins!
10:43 Feudal Age
13:36 Castle Age
12:15 Double-Bit Axe
13:38 Loom
14:39 Bow Saw
20:23 Horse Collar
23:00 Heavy Plow
24:00 Devotion
24:29 Gold Mining
26:35 Wheelbarrow
26:37 Husbandry
28:30 Gold Shaft Mining
28:14 Hand Cart
28:30 Stone Mining
33:31 Imperial Age
34:42 Conscription
34:31 Double Crossbow
35:25 Crop Rotation
36:48 Ballistics
37:30 Chemistry
37:22 Heavy Scorpion
40:11 Masonry
41:24 Architecture
41:23 Caravan
41:29 Double Crossbow
42:08 Conscription
41:16 Light Cavalry
42:07 Bloodlines
42:04 Scale Barding Armor
42:10 Forging
42:49 Coinage
44:32 Fletching
45:04 Chain Barding Armor
44:07 Hussar
44:22 Elite Ballista Elephant
45:39 Banking
46:35 Iron Casting
47:44 Plate Barding Armor
47:59 Capped Ram
57:11 Siege Ram
75:03 Blast Furnace
Adrien
12:13 Feudal Age
13:42 Double-Bit Axe
13:44 Horse Collar
16:21 Castle Age
17:49 Padded Archer Armor
27:17 Gold Mining
27:18 Stone Mining
30:11 Thumb Ring
31:00 Wheelbarrow
31:05 Fletching
31:30 Leather Archer Armor
32:31 Bodkin Arrow
37:09 Imperial Age
35:15 Ballistics
36:11 Hand Cart
37:26 Medical Corps
39:14 Chemistry
37:59 Elite Elephant Archer
38:49 Bracer
39:19 Ring Archer Armor
45:18 Heavy Plow
45:27 Caravan
51:26 Bow Saw
56:59 Coinage
71:27 Conscription
72:51 Guilds
Dingodan
4:27 Loom
7:30 Loom
10:40 Feudal Age
11:28 Town Watch
11:35 Double-Bit Axe
13:47 Man-at-Arms
19:45 Castle Age
23:28 Gold Mining
28:11 Wheelbarrow
28:13 Fletching
31:39 Bow Saw
31:11 Horse Collar
32:37 Hand Cart
36:12 Heavy Plow
37:17 Stone Mining
38:05 Gold Shaft Mining
37:43 Fortified Wall
41:39 Imperial Age
41:15 Town Patrol
41:37 Ballistics
41:28 Masonry
43:24 Chemistry
43:12 Town Patrol
45:28 Two-Man Saw
44:38 Siege Engineers
44:31 Bodkin Arrow
44:30 Onager
45:13 Bracer
46:44 Conscription
46:55 Conscription
46:54 Counterweights
48:41 Hoardings
49:07 Husbandry
49:17 Bloodlines
49:16 Scale Barding Armor
49:21 Forging
48:41 Siege Onager
50:17 Caravan
52:21 Bloodlines
51:33 Light Cavalry
52:47 Hussar
57:36 Chain Barding Armor
57:52 Iron Casting
59:09 Murder Holes
61:20 Plate Barding Armor
61:47 Blast Furnace
62:01 Thumb Ring
61:20 Crossbowman
62:32 Padded Archer Armor
62:55 Arbalester
65:15 Leather Archer Armor
Das Frettchen
10:52 Feudal Age
14:27 Castle Age
13:45 Loom
16:36 Wheelbarrow
16:53 Double-Bit Axe
18:30 Bow Saw
30:07 Fletching
32:09 Hand Cart
37:44 Imperial Age
35:16 Horse Collar
35:51 Town Watch
36:38 Bodkin Arrow
37:03 Padded Archer Armor
36:42 Elite Skirmisher
37:47 Crossbowman
39:34 Bracer
39:35 Padded Archer Armor
39:58 Ballistics
44:29 Chemistry
42:51 Arbalester
44:22 Heavy Plow
44:45 Leather Archer Armor
45:02 Gold Mining
48:12 Two-Man Saw
48:04 Guilds
50:15 Caravan
52:03 Masonry
51:33 Treadmill Crane
52:17 Stone Mining
53:02 Gold Shaft Mining
56:06 Scale Mail Armor
56:12 Scale Barding Armor
56:19 Forging
57:25 Onager
60:41 Husbandry
60:43 Scale Mail Armor
65:26 Conscription
65:07 Sitting Tiger
66:24 Chain Barding Armor
65:26 Heavy Hei Guang Cavalry
66:17 Bloodlines
65:27 Light Cavalry
68:26 Heavy Hei Guang Cavalry
73:55 Coinage
72:55 Light Cavalry
Hurin
10:01 Feudal Age
14:06 Castle Age
12:23 Double-Bit Axe
12:41 Horse Collar
15:04 Bow Saw
18:45 Loom
20:54 Sanctity
21:45 Wheelbarrow
21:24 Town Watch
22:59 Hand Cart
25:10 Scale Barding Armor
25:16 Forging
26:12 Chain Barding Armor
29:44 Imperial Age
27:21 Husbandry
27:37 Gold Mining
27:37 Stone Mining
29:08 Bloodlines
29:39 Iron Casting
30:29 Stone Shaft Mining
30:06 Elite Leitis
31:28 Plate Barding Armor
32:12 Town Patrol
32:15 Fletching
32:52 Bodkin Arrow
36:29 Bracer
36:30 Scale Mail Armor
36:32 Padded Archer Armor
38:17 Chemistry
37:38 Ballistics
38:33 Onager
44:37 Treadmill Crane
45:07 Masonry
44:53 Murder Holes
47:58 Light Cavalry
49:33 Caravan
50:47 Winged Hussar
55:42 Heavy Plow
61:38 Elite Skirmisher
63:29 Thumb Ring
66:36 Tower Shields
70:53 Conscription
Connection lost

Rejoining the realm…

Still unreachable

The connection could not be restored.

Session expired

The server has moved on; the page needs a fresh start.